 Dungeon Crawl Stone Soup version 0.31-a0-845-g9abc20d24f (webtiles) character file.

Game seed: 17136569842209928975

2 wvc the Sneak (level 1, -1/15 HPs)
             Began as a Human Wanderer on Oct 1, 2023.
             Was a Follower of Qazlal.
             Killed from afar by a dart slug (4 damage)
             ... with a slug dart
             ... on level 1 of the Dungeon.
             The game lasted 00:01:36 (207 turns).

wvc the Sneak (Human Wanderer)                       Turns: 207, Time: 00:01:36

Health: -1/15      AC:  2    Str: 10    XL:     1   Next: 44%
Magic:  2/2        EV: 10    Int: 11    God:    Qazlal [*.....]
Gold:   28         SH:  6    Dex: 15    Spells: 2/2 levels left

rFire   . . .        a - +0 dagger
rCold   . . .        d - +0 buckler
rNeg    . . .        f - +0 robe
rPois   .            (no helmet)
rElec   .            (no cloak)
rCorr   .            (no gloves)
SInv    .            (no boots)
Will    .....        (no amulet)
Stlth   +++          (no ring)
HPRegen 0.22/turn    (no ring)
MPRegen 0.08/turn

%: no passive effects
@: no status effects
A: no striking features
a: Renounce Religion


You were on level 1 of the Dungeon.
You worshipped Qazlal.
Qazlal was aware of your devotion.
You visited 1 branch of the dungeon, and saw 1 of its levels.

You collected 28 gold pieces.

Inventory:

Hand Weapons
 a - a +0 dagger (weapon)
Missiles
 c - 2 datura-tipped darts
Armour
 d - a +0 buckler (worn)
 f - a +0 robe (worn)
Talismans
 i - a blade talisman
Scrolls
 e - a scroll of vulnerability
 g - a scroll of teleportation {unknown}
 h - a scroll of identify {unknown}
 k - a scroll of amnesia {unknown}
Potions
 j - a potion of berserk rage {unknown}


   Skills:
 + Level 1.0 Fighting
 - Level 4.0 Stealth
 + Level 2.2 Shields
 - Level 1.0 Spellcasting
 - Level 2.0 Air Magic


You had 2 spell levels left.
You didn't know any spells.
Your spell library contained the following spells:

 Spells                   Type           Power      Damage    Failure   Level
 Slow                     Hex            0%         N/A       43%         1
 Static Discharge         Conj/Air       4%         2-3/arc   43%         2
 Cigotuvi's Dreadful Rot  Necr/Pois/Air  4%         N/A       50%         2
 Call Canine Familiar     Summ           0%         N/A       80%         3
 Confusing Touch          Hex            0%         N/A       80%         3
 Sigil of Binding         Hex            0%         N/A       80%         3
 Vampiric Draining        Necr           0%         2d6       80%         3
 Dimensional Bullseye     Hex/Tloc       0%         N/A       99%         4
 Leda's Liquefaction      Hex/Erth       0%         N/A       99%         4


Dungeon Overview and Level Annotations

Branches:
Dungeon (1/15)

Altars:
Qazlal


Message History

The dart slug launches a dart at you. The slug dart hits you.
The dart slug launches a dart at you. The slug dart hits you.
* * * LOW HITPOINT WARNING * * *
The dart slug launches a dart at you. The slug dart hits you.
* * * LOW HITPOINT WARNING * * *
The dart slug briefly extends its eye-stalks.
Throw: 2 darts (atropa)
Press: ? - help, Q - select action, (/) - cycle Shift-Dir - straight line, f - dart slug
Aim: a dart slug (severely wounded, 93% to hit, chance to blind on hit: 100%)
You throw an atropa-tipped dart.
The atropa-tipped dart completely misses the dart slug.
Throw: dart (atropa)
Press: ? - help, Q - select action, (/) - cycle Shift-Dir - straight line, f/p - dart slug
Aim: a dart slug (severely wounded, 93% to hit, chance to blind on hit: 100%)
You throw an atropa-tipped dart.
The atropa-tipped dart hits the dart slug.
The dart slug appears confused.
The dart slug is severely wounded.
The dart slug seems less confused.
The dart slug launches a dart at you. The slug dart misses you.
You block the dart slug's attack.
You hit the dart slug.
The dart slug is severely wounded.
The dart slug is no longer blind.
You hit the dart slug.
The dart slug is almost dead.
The dart slug bites you.
* * * LOW HITPOINT WARNING * * *
You barely miss the dart slug.
The dart slug is almost dead.
The dart slug closely misses you.
You hit the dart slug but do no damage.
The dart slug is almost dead.
The dart slug launches a dart at you. The slug dart hits you.
You die...

#.# #.# 8.8 #.#
######### ##.##
#........ #8.8#
#.#.##### #.##########
#.#.#
8##8##.##8##8##8###.#.#
.......(.(w@.....)'..#.#
#8##8##.##8##8##8#####.#
#. # #.########## #.# #.
8.8 #.# #. ##.# #.# #
#.# #.# #. #.# #.# #. 8.
#.####. #.....#


You could see a dart slug.

Vanquished Creatures
  2 giant cockroaches (D:1)
2 creatures vanquished.

Notes
Turn   | Place    | Note
-------+----------+-------------------------------------------
     0 | D:1      | wvc the Human Wanderer began the quest for the Orb.
     0 | D:1      | wvc set off with the following items: a +0 dagger, 2
                  | atropa-tipped darts, 2 datura-tipped darts, a +0 buckler, a
                  | scroll of vulnerability, a +0 robe; and the following
                  | spells available to memorise: Static Discharge, Cigotuvi's
                  | Dreadful Rot.
     0 | D:1      | Reached XP level 1. HP: 15/15 MP: 2/2
    56 | D:1      | Found a faded altar of an unknown god.
    64 | D:1      | Prayed at the altar of an unknown god.
    64 | D:1      | Became a worshipper of Qazlal Stormbringer
    64 | D:1      | Reached * piety under Qazlal
   207 | D:1      | Killed from afar by a dart slug

Illustrated notes

Levels and vault maps discovered:
D:1:      dpeg_arrival_chambers_temple_mockup, layout_loops_ring,
          ebering_ecumenical_altar_box, dk_noncrumbling_2

Action                     || total
---------------------------++-------
  Melee: Dagger            ||    26
  Throw: Dart              ||     2
 Armour: Robe              ||    13
  Dodge: Dodged            ||    13
  Block: Buckler           ||     5

Table legend: (Time is in decaauts)
 A = Elapsed time spent in this place.
 B = Non-inter-level travel time spent in this place.
 C = Inter-level travel time spent in this place.
 D = Time resting spent in this place.
 E = Time spent auto-exploring this place.
 F = Levels seen in this place.
 G = Mean time per level.
                   A        B        C        D        E       F      G
               +--------+--------+--------+--------+--------+-----+--------+
         Total |    208 |    208 |      0 |      0 |    117 |   1 |  208.0 |
       Dungeon |    208 |    208 |      0 |      0 |    117 |   1 |  208.0 |
               +--------+--------+--------+--------+--------+-----+--------+

Top non-repeatable levels by time:
     D:1: 208 daAuts
